 Dungeon Crawl Stone Soup version 0.23.1 (webtiles) character file.

Game seed: 5085779700002881215

130 kali666 the Shield-Bearer (level 5, -11/41 HPs)
             Began as a Human Fighter on Mar 18, 2019.
             Killed by divine providence
             ... invoked by an orc priest
              (15 damage)
             ... on level 2 of the Dungeon.
             The game lasted 00:06:10 (2739 turns).

kali666 the Shield-Bearer (Human Fighter)           Turns: 2739, Time: 00:06:11

Health: -11/41     AC: 11    Str: 16    XL:     5   Next: 36%
Magic:  5/5        EV:  4    Int:  9    God:
Gold:   142        SH: 10    Dex: 13    Spells: 4/4 levels left

rFire    + . .     SeeInvis .   a - +1 long sword
rCold    . . .     Gourm    .   c - +1 shield
rNeg     . . .     Faith    .   k - +2 chain mail {rF+}
rPois    .         Spirit   .   (no helmet)
rElec    .         Reflect  .   (no cloak)
rCorr    .         Harm     .   (no gloves)
MR       .....                  (no boots)
Stlth    ..........             g - amulet of the acrobat
HPRegen  0.13/turn              (no ring)
MPRegen  0.09/turn              (no ring)

@: no status effects
A: no striking features
a: no special abilities


You were on level 2 of the Dungeon.
You were very hungry.

You visited 1 branch of the dungeon, and saw 3 of its levels.

You collected 142 gold pieces.

Inventory:

Hand Weapons
 a - a +1 long sword (weapon)
Armour
 c - a +1 shield (worn)
 k - a +2 chain mail of fire resistance (worn)
Jewellery
 g - an amulet of the acrobat (around neck)
Potions
 d - 2 potions of might
 e - 2 potions of flight
 h - a potion of degeneration {unknown}
 i - a potion of cancellation {unknown}
 o - a potion of lignification {unknown}
Comestibles
 f - 4 rations


   Skills:
 * Level 3.4 Fighting
 * Level 3.3 Long Blades
 * Level 3.6 Armour
 * Level 0.5 Dodging
 * Level 1.0 Stealth
 * Level 3.8 Shields


You had 4 spell levels left.
You didn't know any spells.
Your spell library was empty.

Dungeon Overview and Level Annotations

Branches:
Dungeon (3/15)

Altars:
Qazlal


Message History

The orc priest is moderately wounded.
The orc priest hits you but does no damage.
You barely miss the orc priest.
The orc priest is moderately wounded.
The orc priest begins to cast a cantrip, but forgets the words!
Your shield and chain mail prevent you from hitting the orc priest.
The orc priest is moderately wounded.
The orc priest hits you but does no damage.
You closely miss the orc priest.
The orc priest is moderately wounded.
You block the orc priest's attack. The orc priest hits you.
* * * LOW HITPOINT WARNING * * *
You closely miss the orc priest.
The orc priest is moderately wounded.
You block the orc priest's attack.
You slash the orc priest!
The orc priest is almost dead.
The orc priest invokes the aid of Beogh against you.
Beogh smites you!
You die...

##############
###............###########
........######....##.....#######
##...#.#.#####.###.#...........##
......###................##......
##...#.#.###.###.###.....##.##.##
###.....##..>...@...........##.#
# #.###.##.#.###o###...#######.#
# #.# #.##.##.#.....#..#######.#
# #.# #.##.###..###.#.......<..#
###.###.##......# #.##.#########
.....<......[...###@##.##
#######.##....#.....#)#@##
#........#.####.##@###.##
#..##.##.#.# #...## ##.#


You could see an orc priest.

Vanquished Creatures
  Terence (D:2)
  An orc wizard (D:2)
  2 adders (D:2)
  An ooze (D:1)
  2 worms (D:2)
  2 dart slugs
  A leopard gecko (D:1)
  4 orcs
  4 bats
  2 giant cockroaches
  5 goblins (D:1)
  2 hobgoblins
  4 jackals (D:1)
  2 quokkas
  4 frilled lizards
  4 kobolds
  4 rats
45 creatures vanquished.

Notes
Turn   | Place    | Note
-------+----------+-------------------------------------------
     0 | D:1      | kali666 the Human Fighter began the quest for the Orb.
     0 | D:1      | Reached XP level 1. HP: 18/18 MP: 1/1
    88 | D:1      | Reached XP level 2. HP: 8/24 MP: 2/2
   535 | D:1      | Reached XP level 3. HP: 29/29 MP: 3/3
  1494 | D:2      | Reached XP level 4. HP: 27/35 MP: 4/4
  2167 | D:3      | Found a stormy altar of Qazlal.
  2167 | D:3      | Noticed Terence
  2203 | D:2      | Reached XP level 5. HP: 6/41 MP: 5/5
  2542 | D:2      | Killed Terence
  2542 | D:2      | Reached skill level 1 in Stealth
  2739 | D:2      | Killed from afar by an orc priest

Skill      XL: |  1  2  3  4  5 |
---------------+----------------+-----
Long Blades    | 3 |  3.3
Stealth        | 1 |  1.0
Fighting       | |  3.4
Armour         | |  3.6
Dodging        | |  0.5
Shields        | |  3.8

Action                   |  1- 3 |  4- 6 || total
-------------------------+-------+-------++-------
Melee: Long sword        |   103 |    91 ||   194
  Use: Scroll            |     5 |     7 ||    12
  Eat: Chunk             |     2 |     3 ||     5
Armor: Scale mail        |    71 |    23 ||    94
       Chain mail        |       |     5 ||     5
Dodge: Dodged            |    37 |    20 ||    57
Block: Shield            |    67 |    39 ||   106
       Rpst.: Long sword |     9 |     6 ||    15
